AoeStats
← The best osu on airplane

Lombardia

508643207Analyzed
2v2 RM · 10d ago on Sep 23, 2026· 57m 55s· 4 players
Game mode
Random Map
Map size
Medium (4 player)
Population
200
Speed
Normal
Resources
Standard
Victory
Conquest
Starting age
Dark Age
Ending age
Imperial Age
RankedLock teamsTeams togetherTeam positionsShared explorationLock speedFull tech treeHidden civsTurbo modeCheats
Victory
Defeat
🇨🇳 Tatars · China
797
+9
🇺🇸 Turks · United States
530
+21
🇪🇸 Japanese · Spain
655
-21
🇻🇳 Poles · Vietnam
606
-14
yeffac68
9:18 Feudal Age
10:41 Double-Bit Axe
12:36 Wheelbarrow
15:35 Horse Collar
23:33 Castle Age
22:09 Stone Mining
24:50 Bow Saw
28:34 Gold Mining
32:58 Forging
32:55 Scale Mail Armor
34:32 Heavy Plow
34:50 Hand Cart
39:19 Imperial Age
37:46 Gold Shaft Mining
40:11 Elite Samurai
41:37 Yasama
43:54 Two-Man Saw
The best osu on airplane
5:34 Loom
11:22 Feudal Age
12:18 Double-Bit Axe
16:11 Wheelbarrow
16:01 Town Watch
19:10 Castle Age
18:57 Forging
18:53 Scale Barding Armor
18:34 Horse Collar
18:59 Gold Mining
20:26 Bloodlines
21:07 Heavy Plow
23:00 Bow Saw
23:26 Husbandry
23:56 Light Cavalry
25:43 Hand Cart
26:42 Iron Casting
26:28 Chain Barding Armor
26:02 Fletching
28:19 Thumb Ring
28:49 Town Patrol
29:03 Stone Mining
29:32 Bodkin Arrow
29:38 Padded Archer Armor
35:52 Imperial Age
36:41 Leather Archer Armor
37:43 Conscription
38:18 Winged Hussar
40:38 Lechitic Legacy
42:13 Hoardings
43:33 Crop Rotation
43:53 Heavy Mounted Crossbowman
55:45 Murder Holes
56:01 Masonry
56:12 Ballistics
56:54 Chemistry
FEARthisDUDE
0:27 Loom
12:37 Feudal Age
13:03 Double-Bit Axe
13:05 Horse Collar
15:32 Town Watch
16:23 Wheelbarrow
20:06 Stone Mining
20:08 Gold Mining
23:13 Castle Age
24:10 Hand Cart
26:07 Fortified Wall
25:38 Treadmill Crane
28:44 Masonry
30:48 Bow Saw
33:13 Fletching
36:26 Imperial Age
35:44 Heavy Plow
37:31 Conscription
39:40 Husbandry
39:51 Bloodlines
41:09 Bodkin Arrow
42:33 Two-Man Saw
41:40 Caravan
43:44 Forging
43:40 Scale Barding Armor
44:09 Architecture
44:22 Gold Shaft Mining
48:42 Thumb Ring
54:17 Elite Janissary
JoelReagan
0:34 Loom
13:51 Feudal Age
14:38 Horse Collar
15:13 Double-Bit Axe
16:25 Gold Mining
17:04 Stone Mining
17:09 Man-at-Arms
29:57 Fletching
30:08 Padded Archer Armor
30:08 Scale Mail Armor
32:15 Forging
34:15 Castle Age
33:20 Scale Barding Armor
36:24 Caravan
37:05 Squires
36:26 Long Swordsman
36:28 Crossbowman
36:31 Pikeman
41:06 Bodkin Arrow
41:27 Leather Archer Armor
41:33 Chain Barding Armor
41:40 Bow Saw
41:34 Heavy Plow
42:13 Gold Shaft Mining
45:41 Imperial Age
44:02 Wheelbarrow
45:04 Iron Casting
45:06 Elite Skirmisher
46:20 Hand Cart
46:46 Conscription
46:31 Silk Armor
46:39 Bracer
47:10 Ring Archer Armor
47:23 Plate Barding Armor
47:23 Treadmill Crane
48:44 Chemistry
48:05 Ballistics
47:59 Masonry
47:54 Heavy Cavalry Archer
49:12 Elite Keshik
52:18 Timurid Siegecraft
56:59 Blast Furnace
Connection lost

Rejoining the realm…

Still unreachable

The connection could not be restored.

Session expired

The server has moved on; the page needs a fresh start.